 Dungeon Crawl Stone Soup version 0.32-a0-918-g0f22ef8d61 (webtiles) character file.

Game seed: 12052520963136449881

559 Rudyous the Firebug (level 7, -11/52 HPs)
             Began as a Demonspawn Fire Elementalist on Apr 11, 2024.
             Mangled by Edmund the ice beast (12 damage)
             ... on level 5 of the Dungeon.
             The game lasted 00:12:56 (4496 turns).

Rudyous the Firebug (Demonspawn Fire Elementalist)  Turns: 4496, Time: 00:12:56

Health: -11/52     AC:  3    Str:  9    XL:     7   Next: 9%
Magic:  5/12       EV: 11    Int: 20    God:
Gold:   156        SH:  0    Dex: 17    Spells: 10/13 levels left

rFire   . . .        q - +0 whip (elec)
rCold   . . .        (no shield)
rNeg    . . .        a - +0 robe
rPois   .            n - +0 helmet of the Twelve Knives {Int+3}
rElec   .            (no cloak)
rCorr   .            (no gloves)
SInv    .            (no boots)
Will    .....        (no amulet)
Stlth   ++++         (no ring)
HPRegen 0.28/turn    (no ring)
MPRegen 0.13/turn

%: no passive effects
@: no status effects
A: thin skeletal structure 2, icemail 1, powered by death 1, condensation shield
a: no special abilities


You were on level 5 of the Dungeon.
You visited 1 branch of the dungeon, and saw 5 of its levels.

You collected 156 gold pieces.

Inventory:

Hand Weapons
 g - a +0 short sword
 q - a +0 whip of electrocution (weapon)
Missiles
 l - 2 throwing nets
Armour
 a - a +0 robe (worn)
 n - the +0 helmet of the Twelve Knives (worn) {Int+3}
   (You found it on level 3 of the Dungeon)

   Int+3:     It affects your intelligence (+3).
Wands
 w - a wand of polymorph (11)
Scrolls
 c - 2 scrolls of enchant armour {unknown}
 d - a scroll of teleportation {unknown}
 e - 2 scrolls of immolation {unknown}
 f - a scroll of poison {unknown}
 j - 2 scrolls of blinking {unknown}
 k - 3 scrolls of identify {unknown}
 m - a scroll of vulnerability {unknown}
 p - a scroll of silence {unknown}
 v - a scroll of enchant weapon {unknown}
Potions
 b - a potion of degeneration {unknown}
 h - a potion of curing {unknown}
 i - 2 potions of heal wounds {unknown}
 o - a potion of resistance {unknown}
 r - a potion of magic
 s - 2 potions of brilliance {unknown}
 t - 3 potions of berserk rage {unknown}
 u - a potion of cancellation {unknown}


   Skills:
 + Level 3.4 Fighting
 - Level 1.7 Dodging
 - Level 2.0 Stealth
 + Level 3.9 Spellcasting
 + Level 3.6 Conjurations
 + Level 4.3 Fire Magic


You had 10 spell levels left.
You knew the following spells:

 Your Spells              Type           Power      Damage    Failure   Level
a - Foxfire               Conj/Fire      80%        2x1d8     2%          1
b - Scorch                Fire           42%        2d6       3%          2

Your spell library contained the following spells:

 Spells                   Type           Power      Damage    Failure   Level
 Sting                    Conj/Alch      44%        1d5       6%          1
 Apportation              Tloc           6%         N/A       13%         1
 Necrotise                Necr           12%        1d4       13%         1
 Slow                     Hex            12%        N/A       13%         1
 Summon Small Mammal      Summ           12%        N/A       13%         1
 Inner Flame              Hex/Fire       12%        N/A       16%         3
 Volatile Blastmotes      Fire/Tloc      24%        2d12      16%         3
 Dazzling Flash           Conj/Hex       22%        N/A       19%         3
 Flame Wave               Conj/Fire      20%        2d7       24%         4
 Confusing Touch          Hex            3%         N/A       36%         3
 Passwall                 Erth           3%         N/A       36%         3
 Vhi's Electric Charge    Tloc/Air       6%         N/A       78%         4
 Starburst                Conj/Fire      10%        6d5       98%         6
 Bombard                  Conj/Erth      5%         9d2       100%        6
 Discord                  Hex            1%         N/A       100%        8
 Maxwell's Capacitive Co  Air            1%         ∞         100%        8
 Chain Lightning          Conj/Air       5%         3d7       100%        9
 Fire Storm               Conj/Fire      10%        8d3       100%        9
 Shatter                  Erth           1%         3d6*      100%        9


Dungeon Overview and Level Annotations

Branches:
Dungeon (5/15) Zot: 25489
 Temple: D:4-7

Altars:

Shops:
D:1 [

Annotations:
D:5 Edmund


Innate Abilities, Weirdness & Mutations

You have a moderately thin skeletal structure. (Dex +4, Stealth++)
A meltable icy envelope protects you from harm. (AC +0)
You regenerate a little health from kills.
A meltable shield of frost defends you. (SH +0)


Message History

The puff of flame hits the adder!
The adder hisses angrily.
The adder barely misses you. The adder bites you but does no damage.
Edmund zaps a wand.
The puff of flame hits you. The adder barely misses you.
You take 3 damage, and have 27/52 hp.
The adder misses you. The adder barely misses you.
Items here: )) [[ ÷.
The adder bites you.
You take 2 damage, and have 26/52 hp.
The adder attacks as it pursues you! The adder bites you.
You see here a +0 dagger.
You take 3 damage, and have 23/52 hp.
You see here a +0 flail.
Casting: Scorch (safe; 3% risk of failure)
Confirm with . or Enter, or press ? or * to list all spells.
Flames lash the adder.
You kill the adder!
You regained 2 hp, and now have 25/52 hp.
You now have 3/12 mp.
Unknown command.
Edmund zaps a wand.
The puff of flame hits you!
You take 6 damage, and have 19/52 hp.
Edmund zaps a wand.
The puff of flame hits you!
* * * LOW HITPOINT WARNING * * *
You take 10 damage, and have 11/52 hp.
You see here a +0 short sword.
Edmund zaps a wand.
The puff of flame misses you.
Edmund zaps a wand.
The puff of flame hits you!
* * * LOW HITPOINT WARNING * * *
You take 10 damage, and have 3/52 hp.
Aiming: Polymorph
Press: ? - help, Q - select action, (/) - cycle Shift-Dir - straight line, f - Edmund
Aim: Edmund, wielding a +4 heavy flail, wearing a +0 scale mail and carrying a wand of flame (will become an ice beast, a hound, or a wolf, chance to affect: 49%) Edmund evaporates and reforms as an ice beast!
Edmund hits you.
* * * LOW HITPOINT WARNING * * *
Edmund freezes you!
You die...

##################
.................#
.###############.#
<# #.# .# #.# .#
#.# .# #.# .#
###@### .#.
#...Y.# .#..
#.###.### .....
#.# #...# .c...
#.###.#)#
......####
#.....#.#
..>......#
#######.#
#...####)## #.#
##.####$..#### #@#


You could see Edmund the ice beast.

Vanquished Creatures
  An ogre (D:4)
  A centaur (D:5)
  A phantom (D:5)
  A howler monkey (D:4)
  3 orc priests
  Ijyb (D:5)
  An orc wizard (D:5)
  3 gnolls (D:2)
  2 adders
  4 dart slugs
  4 ribbon worms
  13 orcs
  6 bats
  6 endoplasms
  2 giant cockroaches
  4 goblins
  3 hobgoblins
  4 jackals (D:4)
  2 quokkas
  7 ball pythons
  2 frilled lizards
  9 kobolds
  4 rats
84 creatures vanquished.

Vanquished Creatures (collateral kills)
  6 foxfires (D:2)
6 creatures vanquished.

Vanquished Creatures (others)
  205 foxfires
205 creatures vanquished.

Grand Total: 295 creatures vanquished

Notes
Turn   | Place    | Note
-------+----------+-------------------------------------------
     0 | D:1      | Rudyous the Demonspawn Fire Elementalist began the quest
                  | for the Orb.
     0 | D:1      | Reached XP level 1. HP: 13/13 MP: 3/3
   313 | D:1      | Gained mutation: You have a somewhat thin skeletal
                  | structure. (Dex +2, Stealth+) [demonic ancestry]
   313 | D:1      | Reached XP level 2. HP: 20/20 MP: 0/5
   723 | D:1      | Found Loafi's Armour Emporium.
  1253 | D:2      | Learned a level 2 spell: Scorch
  1265 | D:2      | Found a faded altar of an unknown god.
  1279 | D:2      | Reached skill level 1 in Fighting
  1443 | D:2      | Reached skill level 3 in Fire Magic
  1523 | D:2      | Gained mutation: You regenerate a little health from kills.
                  | [demonic ancestry]
  1523 | D:2      | Reached XP level 3. HP: 26/26 MP: 4/6
  2115 | D:2      | Gained mutation: A meltable shield of frost defends you.
                  | (SH +0) [demonic ancestry]
  2115 | D:2      | Reached XP level 4. HP: 30/32 MP: 5/7
  2257 | D:2      | Got Pof Uges's Atlas of Lofty Hexes
  2479 | D:3      | Identified the +0 helmet of the Twelve Knives {Int+3}
  3079 | D:4      | Gained mutation: A meltable icy envelope protects you from
                  | harm. (AC +0) [demonic ancestry]
  3079 | D:4      | Reached XP level 5. HP: 38/38 MP: 4/9
  3271 | D:4      | Noticed an ogre
  3281 | D:4      | Killed an ogre
  3620 | D:5      | Entered Level 5 of the Dungeon
  3711 | D:3      | Reached XP level 6. HP: 46/46 MP: 0/10
  4206 | D:5      | Noticed Ijyb
  4254 | D:5      | Killed Ijyb
  4255 | D:5      | Reached skill level 4 in Fire Magic
  4436 | D:5      | Gained mutation: You have a moderately thin skeletal
                  | structure. (Dex +4, Stealth++) [demonic ancestry]
  4436 | D:5      | Reached XP level 7. HP: 51/52 MP: 7/12
  4459 | D:5      | Noticed Edmund
  4496 | D:5      | Edmund changed into Edmund the ice beast
  4496 | D:5      | Noticed Edmund
  4496 | D:5      | HP: 1/52 [Edmund the ice beast (2)]
  4496 | D:5      | Mangled by Edmund the ice beast

Illustrated notes

Levels and vault maps discovered:
D:1:      minmay_arrival_stone_box, layout_basic, serial_shops, shop
D:2:      layout_basic, shapermc_ecumenical_altar_gd, serial_shops,
          nicolae_shop_window_shopping, solitary_fountain, serial_bayou_ford_a
D:3:      layout_rooms
D:4:      layout_loops_ring
D:5:      layout_loops_ring, hangedman_abyss_or_decor_jellyfish_corner,
          minmay_starry_boxes, uniq_ijyb, uniq_edmund, uniq_eustachio

Skill      XL: |  1  2  3  4  5  6 |
---------------+-------------------+-----
Stealth        | 2 |  2.0
Fighting       | 1 2 3 |  3.4
Fire Magic     | 3 4 |  4.3
Conjurations   | 2 3 |  3.6
Spellcasting   | 3 |  3.9
Dodging        | |  1.7

Action                     |  1- 3 |  4- 6 |  7- 9 || total
---------------------------+-------+-------+-------++-------
  Melee: Unarmed           |    11 |       |       ||    11
         Short sword       |    42 |    15 |       ||    57
         Whip              |       |    83 |     5 ||    88
   Cast: Foxfire           |    56 |    70 |       ||   126
         Scorch            |     7 |    15 |     5 ||    27
  Evoke: Wand              |       |       |     1 ||     1
    Use: Potion            |     1 |       |       ||     1
   Stab: Sleeping          |     1 |     1 |       ||     2
         Distracted        |       |     1 |       ||     1
 Armour: Robe              |    49 |    69 |    12 ||   130
  Dodge: Dodged            |    45 |    57 |     8 ||   110
  Block: Other             |       |    14 |       ||    14

Table legend: (Time is in decaauts)
 A = Elapsed time spent in this place.
 B = Non-inter-level travel time spent in this place.
 C = Inter-level travel time spent in this place.
 D = Time resting spent in this place.
 E = Time spent auto-exploring this place.
 F = Levels seen in this place.
 G = Mean time per level.
                   A        B        C        D        E       F      G
               +--------+--------+--------+--------+--------+-----+--------+
         Total |   4509 |   4259 |    250 |    105 |   3300 |   5 |  901.8 |
       Dungeon |   4509 |   4259 |    250 |    105 |   3300 |   5 |  901.8 |
               +--------+--------+--------+--------+--------+-----+--------+

Top non-repeatable levels by time:
     D:1: 1248 daAuts
     D:2: 1106 daAuts
     D:4: 959 daAuts
     D:3: 820 daAuts
     D:5: 374 daAuts
